 Dungeon Crawl Stone Soup version 0.30-a0-347-gf58ed5266c (webtiles) character file.

Game seed: 5646365292910615720

71 porpoise the Magician (level 4, 0/34 HPs)
             Began as a Djinni Fire Elementalist on Nov 7, 2022.
             Slain by Ijyb
             ... wielding a +0 dagger
              (1 damage)
             ... on level 3 of the Dungeon.
             The game lasted 00:06:27 (2158 turns).

porpoise the Magician (Djinni Fire Elementalist)    Turns: 2158, Time: 00:06:28

Health: 0/34       AC:  3    Str:  7    XL:     4   Next: 47%
Gold:   141        EV: 12    Int: 19    God:
                   SH:  0    Dex: 13

rFire   + + .      SeeInvis .    a - +0 mace
rCold   x . .      Faith    .    (no shield)
rNeg    + . .      Spirit   .    m - +0 robe
rPois   ∞          Reflect  .    g - +0 helmet
rElec   .          Harm     .    (no cloak)
rCorr   .          Rampage  .    (no gloves)
Will    .....                    (boots unavailable)
Stlth   ++........               (no amulet)
HPRegen 0.25/turn                e - ring of positive energy
MPRegen 0.00/turn                (no ring)

@: flying
A: sickness immunity, fire resistance 2, cold vulnerability 1, float, innate
caster, HP casting, extra vitality 1
a: no special abilities


You were on level 3 of the Dungeon.
You visited 1 branch of the dungeon, and saw 3 of its levels.

You collected 141 gold pieces.

Inventory:

Hand Weapons
 a - a +0 mace (weapon)
Missiles
 b - 2 throwing nets
Armour
 g - a +0 helmet (worn)
 m - a +0 robe (worn)
Jewellery
 e - a ring of positive energy (left hand)
Wands
 k - a wand of iceblast (9)
Scrolls
 c - 2 scrolls of identify {unknown}
 d - a scroll of immolation {unknown}
 h - 2 scrolls of teleportation {unknown}
 i - a scroll of magic mapping {unknown}
 j - a scroll of poison {unknown}
 n - a scroll of enchant armour {unknown}
 r - a scroll of noise {unknown}
 u - a scroll of blinking {unknown}
Potions
 f - 6 potions of curing {unknown}
 l - 2 potions of heal wounds {unknown}
 o - a potion of mutation {unknown}
 p - a potion of attraction {unknown}
 q - a potion of ambrosia {unknown}
 s - a potion of cancellation {unknown}
 t - a potion of haste {unknown}


   Skills:
 + Level 2.5 Fighting
 - Level 2.1 Dodging
 - Level 1.5 Stealth
 + Level 3.2 Spellcasting


You couldn't memorise any spells.
You knew the following spells:

 Your Spells              Type           Power      Damage    Failure   Level
a - Foxfire               Conj/Fire      60%        2x1d7     4%          1
b - Scorch                Fire           30%        2d6       6%          2
c - Kindle Blastsparks    Fire/Tloc/Air  30%        2d12      12%         3
d - Inner Flame           Hex/Fire       15%        N/A       12%         3
e - Flame Wave            Conj/Fire      15%        2d7       36%         4
f - Slow                  Hex            60%        N/A       4%          1
Your spell library was empty.

Dungeon Overview and Level Annotations

Branches:
Dungeon (3/15)

Altars:

Annotations:
D:3 Ijyb


Innate Abilities, Weirdness & Mutations

You are immune to sickness and miasma.
You are immune to poison.
Your flesh is very heat resistant. (rF++)
You are vulnerable to cold. (rC-)
You float through the air rather than walking.
You learn spells naturally, not from books.
Your magical power is your life essence.
You have superior vitality. (+4 MHP)


Message History

You hit Ijyb but do no damage.
Ijyb is severely wounded.
The foxfire hits Ijyb but does no damage.
Ijyb is severely wounded.
The foxfire hits Ijyb but does no damage.
Ijyb is severely wounded.
The giant cockroach closely misses you. Ijyb hits you but does no damage.
Casting: Foxfire (safe; 4% risk of failure)
Confirm with . or Enter, or press ? or * to list all spells.
You conjure some foxfire!
* * * LOW HITPOINT WARNING * * *
The giant cockroach bites you.
* * * LOW HITPOINT WARNING * * *
Ijyb completely misses you. The giant cockroach misses you.
You completely miss Ijyb.
Ijyb is severely wounded.
The foxfire hits Ijyb.
Ijyb is almost dead.
The foxfire hits Ijyb but does no damage.
Ijyb is almost dead.
Ijyb hits you but does no damage.
The giant cockroach bites you but does no damage.
Ijyb hits you with a +0 dagger.
* * * LOW HITPOINT WARNING * * *
Casting: Foxfire (safe; 4% risk of failure)
Confirm with . or Enter, or press ? or * to list all spells.
You conjure some foxfire!
* * * LOW HITPOINT WARNING * * *
The giant cockroach bites you.
* * * LOW HITPOINT WARNING * * *
Ijyb closely misses you.
You hit Ijyb but do no damage.
Ijyb is almost dead.
The foxfire hits Ijyb but does no damage.
Ijyb is almost dead.
The foxfire hits Ijyb but does no damage.
Ijyb is almost dead.
The giant cockroach bites you but does no damage.
The giant cockroach closely misses you. Ijyb hits you with a +0 dagger.
You die...

##### ##...##### ####
#####B.......# #..
#....g@§.....### #.#
#.###..§.......###.####
#. ##....^...>.......#
#. ###.......###.##.#
#g ###...### #..... .B
#...# #.##.# #. #######
#.##.# #. #.....#
#.##.# #.....# #.##.#


You could see Ijyb and a giant cockroach.

Vanquished Creatures
  An adder (D:2)
  An adder skeleton (D:2)
  2 worms (D:2)
  A dart slug (D:2)
  A bat skeleton (D:2)
  6 endoplasms
  A giant cockroach (D:3)
  7 hobgoblins
  2 jackals (D:1)
  4 kobolds
  3 quokkas
  3 ball pythons
  A ball python skeleton (D:2)
  A ball python zombie (D:2)
  3 bats
  4 frilled lizards (D:1)
  3 goblins
  2 jackal zombies (D:2)
  3 rats (D:1)
49 creatures vanquished.

Vanquished Creatures (collateral kills)
  A foxfire (D:2)
1 creature vanquished.

Vanquished Creatures (others)
  132 foxfires
  2 withered plants (D:2)
134 creatures vanquished.

Grand Total: 184 creatures vanquished

Notes
Turn   | Place    | Note
-------+----------+-------------------------------------------
     0 | D:1      | porpoise the Djinni Fire Elementalist began the quest for
                  | the Orb.
     0 | D:1      | porpoise set off with the following spells memorised:
                  | Foxfire, Scorch, Kindle Blastsparks, Inner Flame, Flame
                  | Wave.
     0 | D:1      | Reached XP level 1. HP: 15/15 MP: 0/0
   144 | D:1      | Reached skill level 1 in Fighting
   144 | D:1      | Reached XP level 2. HP: 21/22 MP: 0/0
   370 | D:1      | Reached XP level 3. HP: 26/27 MP: 0/0
   370 | D:1      | Learned a level 1 spell: Slow
  1245 | D:2      | Reached skill level 3 in Spellcasting
  1368 | D:2      | Reached XP level 4. HP: 28/33 MP: 0/0
  2136 | D:3      | Noticed Ijyb
  2157 | D:3      | HP: 1/34 [giant cockroach (1)]
  2158 | D:3      | Slain by Ijyb

Illustrated notes

Levels and vault maps discovered:
D:1:      matt_arrival_debris, layout_basic
D:2:      layout_basic, serial_undead, serial_undead_c, serial_undead_e,
          serial_undead_e, serial_undead_c, serial_undead_b, serial_undead_c,
          serial_undead_d, nicolae_kite_square_tiling_tiny,
          guppyfry_early_lair_pool
D:3:      layout_loops_cross, uniq_robin, uniq_ijyb, uniq_grinder, uniq_terence

Skill      XL: |  1  2  3 |
---------------+----------+-----
Fighting       | 1 2 |  2.5
Spellcasting   | 3 |  3.2
Dodging        | |  2.1
Stealth        | |  1.5

Action                   |  1- 3 |  4- 6 || total
-------------------------+-------+-------++-------
Melee: Mace              |    18 |    18 ||    36
       Punch             |     1 |       ||     1
 Cast: Foxfire           |    49 |    29 ||    78
       Scorch            |     2 |     2 ||     4
       Inner Flame       |       |     1 ||     1
Armor: Robe              |    16 |    11 ||    27
Dodge: Dodged            |    23 |    22 ||    45

Table legend: (Time is in decaauts)
 A = Elapsed time spent in this place.
 B = Non-inter-level travel time spent in this place.
 C = Inter-level travel time spent in this place.
 D = Time resting spent in this place.
 E = Time spent auto-exploring this place.
 F = Levels seen in this place.
 G = Mean time per level.
                   A        B        C        D        E       F      G
               +--------+--------+--------+--------+--------+-----+--------+
         Total |   2170 |   2099 |     71 |    346 |   1326 |   3 |  723.3 |
       Dungeon |   2170 |   2099 |     71 |    346 |   1326 |   3 |  723.3 |
               +--------+--------+--------+--------+--------+-----+--------+

Top non-repeatable levels by time:
     D:2: 1253 daAuts
     D:1: 821 daAuts
     D:3: 95 daAuts
